 Dungeon Crawl Stone Soup version 0.25-a0-504-g768f60da87 (webtiles) character file.

Game seed: 10489652500703914269, levelgen mode: deterministic

14139 RedPan the Jinx (level 12, -2/92 HPs)
             Began as a Gnoll Wanderer on Feb 14, 2020.
             Was a High Priest of Okawaru.
             Slain by an ice devil (4 damage)
             ... on level 3 of the Lair of Beasts.
             The game lasted 00:41:53 (15399 turns).

RedPan the Jinx (Gnoll Wanderer)                   Turns: 15399, Time: 00:41:53

Health: -2/92      AC: 28    Str: 17    XL:     12   Next: 13%
Magic:  23/23      EV: 15    Int: 15    God:    Okawaru [*****.]
Gold:   741        SH:  8    Dex: 19    Spells: 18/26 levels left

rFire    . . .     SeeInvis .   j - +4 flail
rCold    + . .     Gourm    .   s - +0 buckler
rNeg     . . .     Faith    .   D - +7 chain mail of Hypow {rElec Dex+2}
rPois    +         Spirit   .   m - +0 helmet
rElec    +         Reflect  .   p - +2 cloak
rCorr    .         Harm     .   n - +1 pair of gloves {archery}
MR       .....                  g - +0 pair of boots
Stlth    ++........             H - amulet of the acrobat
HPRegen  0.25/turn              L - ring of poison resistance
MPRegen  0.18/turn              w - ring of protection from cold

@: heroism
A: distributed training, fangs 1, strong nose
a: Heroism, Finesse, Renounce Religion


You were on level 3 of the Lair of Beasts.
You worshipped Okawaru.
Okawaru was extremely pleased with you.
You were not hungry.

You visited 2 branches of the dungeon, and saw 13 of its levels.

You collected 741 gold pieces.

Inventory:

Hand Weapons
 j - a +4 flail (weapon)
 o - a +1 flail of draining
Armour
 g - a +0 pair of boots (worn)
 m - a +0 helmet (worn)
 n - a +1 pair of gloves of archery (worn)
 p - a +2 cloak (worn)
 s - a +0 buckler (worn)
 D - the +7 chain mail of Hypow (worn) {rElec Dex+2}
   (You found it on level 7 of the Dungeon)

   It affects your dexterity (+2).
   It insulates you from electricity.
   If you remove this armour, your AC will decrease by 19 (28 -> 9).
 K - a +1 chain mail of poison resistance
Jewellery
 i - an uncursed ring of positive energy
 k - an uncursed ring of wizardry
 w - a ring of protection from cold (right hand)
 y - an uncursed ring of stealth
 H - an amulet of the acrobat (around neck)
 L - a ring of poison resistance (left hand)
Wands
 x - a wand of scattershot (4)
 A - a wand of digging (2)
 E - a wand of polymorph (8)
Scrolls
 l - 8 scrolls of teleportation
 q - 6 scrolls of remove curse
 z - a scroll of magic mapping
 C - a scroll of enchant armour
 F - a scroll of fog
 M - a scroll of identify
Potions
 a - 4 potions of might
 b - a potion of ambrosia {unknown}
 c - 2 potions of curing
 d - a potion of haste {unknown}
 e - a potion of heal wounds
 h - 4 potions of berserk rage
 r - 2 potions of lignification {unknown}
 t - 2 potions of agility
 u - 2 potions of magic {unknown}
 v - 2 potions of invisibility {unknown}
 B - 3 potions of brilliance
 I - a potion of cancellation {unknown}
Comestibles
 f - 34 rations
 G - 24 chunks of flesh


   Skills:
 + Level 7.7(12.7) Fighting
 + Level 7.1(12.1) Short Blades
 + Level 7.1(12.1) Long Blades
 + Level 7.1(12.1) Axes
 + Level 7.7(12.7) Maces & Flails
 + Level 7.1(12.1) Polearms
 + Level 7.1(12.1) Staves
 + Level 7.1(12.1) Slings
 + Level 7.1(12.1) Bows
 + Level 7.1(12.1) Crossbows
 + Level 8.6(13.6) Throwing
 + Level 7.7(12.7) Armour
 + Level 7.1(12.1) Dodging
 + Level 7.1(12.1) Stealth
 + Level 7.1(12.1) Shields
 + Level 7.1(12.1) Unarmed Combat
 + Level 7.7 Spellcasting
 + Level 5.9 Conjurations
 + Level 9.3 Hexes
 + Level 5.9 Charms
 + Level 5.9 Summonings
 + Level 5.9 Necromancy
 + Level 5.9 Translocations
 + Level 5.9 Transmutations
 + Level 5.9 Fire Magic
 + Level 5.9 Ice Magic
 + Level 5.9 Air Magic
 + Level 5.9 Earth Magic
 + Level 5.9 Poison Magic
 + Level 7.8 Invocations
 + Level 7.1 Evocations


You had 18 spell levels left.
You knew the following spells:

 Your Spells              Type           Power        Failure   Level  Hunger
c - Confusing Touch       Hex            ####....     6%          3    ##.....
d - Tukima's Dance        Hex            ####....     6%          3    ##.....
e - Poisonous Vapours     Pois/Air       ###...       13%         2    None

Your spell library contained the following spells:

 Spells                   Type           Power        Failure   Level  Hunger
 Corona                   Hex            ####...      2%          1    None
 Slow                     Hex            ####....     3%          2    None
 Ensorcelled Hibernation  Hex/Ice        ####..       6%          2    None
 Animate Skeleton         Necr           N/A          9%          1    None
 Magic Dart               Conj           ###.         9%          1    None
 Pain                     Necr           ###.         9%          1    None
 Summon Small Mammal      Summ           ###.         9%          1    None
 Blink                    Tloc           N/A          13%         2    None
 Call Imp                 Summ           ###.....     13%         2    None
 Corpse Rot               Necr/Air       N/A          13%         2    None
 Dazzling Flash           Conj/Hex       ####..       13%         3    ##.....
 Summon Guardian Golem    Hex/Summ       ####....     13%         3    ##.....
 Call Canine Familiar     Summ           ###.....     26%         3    ##.....
 Conjure Flame            Conj/Fire      ###.....     26%         3    ##.....
 Mephitic Cloud           Conj/Pois/Air  ###.....     26%         3    ##.....
 Vampiric Draining        Necr           ###.......   26%         3    ##.....
 Animate Dead             Necr           N/A          63%         4    ####...
 Summon Ice Beast         Ice/Summ       ###.....     63%         4    ####...
 Summon Lightning Spire   Summ/Air       ###.....     63%         4    ####...
 Agony                    Necr           ###.....     93%         5    #####..


Dungeon Overview and Level Annotations

Branches:
Dungeon (10/15)            Temple (0/1) D:6            Lair (3/6) D:10
  Swamp: Lair:2-4    Shoals: Lair:2-4     Snake: Lair:2-4    Spider: Lair:2-4
    Orc: D:9-12

Altars:
Cheibriados
Fedhas
Hepliaklqana
Nemelex Xobeh
Okawaru
Qazlal
Trog
Vehumet

Portals:
Ice
Cave: Lair:3

Annotations:
D:7 1 transporter, einarkeyser's ghost, novice HaAs


Innate Abilities, Weirdness & Mutations

Your experience applies equally to all skills.
You have very sharp teeth.
Your uncanny sense of smell can sniff out nearby items.


Message History

The ice devil hits you but does no damage.
You hit the ice devil but do no damage.
You bite the ice devil, but do no damage.
The ice devil is almost dead.
The ice devil hits you but does no damage.
You hit the ice devil.
The ice devil is almost dead.
You hit the ice devil but do no damage.
The ice devil is almost dead.
The ice devil barely misses you.
You hit the ice devil.
The ice devil is almost dead.
The ice devil hits you.
* * * LOW HITPOINT WARNING * * *
The ice devil freezes you. You resist.
* * * LOW HITPOINT WARNING * * *
You hit the ice devil but do no damage. Your bite misses the ice devil.
The ice devil is almost dead.
The ice devil hits you.
You die...

#.#.## #..∩..#
###.# #.....#
##..# .....
##...## ?..
#.[...# #.#
##....# ##.##
#.....# #..[#
###..## ####'#+#
#.#.#.# #..4@..#
###..##.#
#.....## #....#
## ##....##
#....# #....##
.(...## ##....#
......## #....##
..#....# ####...#
.###...###......#
## #.....##..P.##


You could see an ice devil.

Vanquished Creatures
  A hydra (Lair:3)
  A two-headed ogre (D:8)
  Nergalle (Lair:2)
  3 spiny frogs
  An ice devil (Lair:3)
  Grinder (D:6)
  3 trolls
  4 hippogriffs
  Sigmund (D:5)
  A spriggan (D:7)
  17 yaks
  Edmund (D:5)
  3 vampire mosquitoes (D:9)
  Menkaure (D:4)
  7 water moccasins
  Duvessa (D:5)
  7 porcupines
  An orc warrior (D:7)
  5 ice beasts
  2 phantoms (D:7)
  5 necrophages
  2 eyes of draining (D:9)
  A black bear (D:6)
  2 centaurs
  3 ogres
  10 bullfrogs
  Dowan (D:5)
  A wyvern skeleton (D:7)
  A water moccasin zombie (D:8)
  2 scorpions
  5 killer bees (D:9)
  6 wights
  An electric eel (D:9)
  A centaur zombie (D:8)
  4 crimson imps
  A bullfrog zombie (D:8)
  4 hounds
  4 orc priests
  2 iguanas
  2 jellies
  2 bullfrog skeletons
  2 orc wizards
  6 worker ants
  A hound zombie (D:8)
  A hound skeleton (D:10)
  12 adders
  3 shadow imps
  3 oozes
  2 adder zombies
  A worm (D:3)
  2 dart slugs
  9 leopard geckos
  31 orcs
  A ball python (D:3)
  7 giant cockroaches
  10 goblins
  7 hobgoblins
  7 jackals
  6 kobolds
  8 quokkas
  6 bats
  6 frilled lizards
  A quokka skeleton (D:4)
  11 rats
  A bush (D:8)
266 creatures vanquished.

Vanquished Creatures (collateral kills)
  A two-headed ogre (D:9)
  An orc (D:4)
2 creatures vanquished.

Vanquished Creatures (others)
  2 dancing weapons
  4 plants (D:8)
6 creatures vanquished.

Grand Total: 274 creatures vanquished

Notes
Turn   | Place    | Note
-------+----------+-------------------------------------------
     0 | D:1      | RedPan the Gnoll Wanderer began the quest for the Orb.
     0 | D:1      | RedPan set off with the following items: a +0 dagger, a
                  | potion of curing, a +0 robe, a ration; and the following
                  | spell memorised: Corona; and the following spells available
                  | to memorise: Confusing Touch, Tukima's Dance, Ensorcelled
                  | Hibernation, Dazzling Flash, Corpse Rot, Poisonous Vapours
     0 | D:1      | Reached XP level 1. HP: 17/17 MP: 4/4
   596 | D:1      | Reached XP level 2. HP: 18/23 MP: 5/5
   662 | D:1      | Learned a level 2 spell: Ensorcelled Hibernation
  1181 | D:1      | Reached XP level 3. HP: 24/28 MP: 7/7
  1252 | D:1      | Learned a level 3 spell: Confusing Touch
  2201 | D:2      | Reached skill level 1 in Invocations
  2285 | D:2      | Reached skill level 1 in Short Blades
  2285 | D:2      | Reached skill level 1 in Long Blades
  2285 | D:2      | Reached skill level 1 in Axes
  2285 | D:2      | Reached skill level 1 in Polearms
  2285 | D:2      | Reached skill level 1 in Staves
  2285 | D:2      | Reached skill level 1 in Slings
  2285 | D:2      | Reached skill level 1 in Bows
  2285 | D:2      | Reached skill level 1 in Crossbows
  2285 | D:2      | Reached skill level 1 in Dodging
  2285 | D:2      | Reached skill level 1 in Stealth
  2285 | D:2      | Reached skill level 1 in Shields
  2285 | D:2      | Reached skill level 1 in Unarmed Combat
  2285 | D:2      | Reached skill level 1 in Evocations
  2306 | D:2      | Reached XP level 4. HP: 32/34 MP: 8/8
  2562 | D:2      | Reached skill level 1 in Conjurations
  2562 | D:2      | Reached skill level 1 in Charms
  2562 | D:2      | Reached skill level 1 in Summonings
  2562 | D:2      | Reached skill level 1 in Necromancy
  2562 | D:2      | Reached skill level 1 in Translocations
  2562 | D:2      | Reached skill level 1 in Transmutations
  2562 | D:2      | Reached skill level 1 in Fire Magic
  2562 | D:2      | Reached skill level 1 in Ice Magic
  2562 | D:2      | Reached skill level 1 in Air Magic
  2562 | D:2      | Reached skill level 1 in Earth Magic
  2562 | D:2      | Reached skill level 1 in Poison Magic
  3008 | D:2      | Reached XP level 5. HP: 40/40 MP: 9/9
  3260 | D:3      | Found a stormy altar of Qazlal.
  3698 | D:3      | Learned a level 3 spell: Tukima's Dance
  4148 | D:4      | Found a bloodstained altar of Trog.
  4693 | D:4      | Reached XP level 6. HP: 10/47 MP: 10/10
  4695 | D:4      | HP: 2/47 [orc/+4 flail (8)]
  4701 | D:4      | Reached skill level 5 in Fighting
  4701 | D:4      | Reached skill level 5 in Maces & Flails
  4701 | D:4      | Reached skill level 5 in Armour
  4701 | D:4      | Reached skill level 5 in Spellcasting
  4701 | D:4      | Reached skill level 8 in Hexes
  4701 | D:4      | Reached skill level 5 in Invocations
  4701 | D:4      | Reached XP level 7. HP: 11/56 MP: 9/15
  5162 | D:4      | Noticed Menkaure
  5173 | D:4      | Killed Menkaure
  5310 | D:5      | Entered Level 5 of the Dungeon
  5322 | D:5      | Noticed Duvessa
  5335 | D:5      | Noticed Dowan
  5347 | D:5      | Killed Duvessa
  5371 | D:5      | Killed Dowan
  5540 | D:5      | Reached XP level 8. HP: 58/63 MP: 16/16
  5646 | D:5      | Reached skill level 5 in Short Blades
  5646 | D:5      | Reached skill level 5 in Long Blades
  5646 | D:5      | Reached skill level 5 in Axes
  5646 | D:5      | Reached skill level 5 in Polearms
  5646 | D:5      | Reached skill level 5 in Staves
  5646 | D:5      | Reached skill level 5 in Slings
  5646 | D:5      | Reached skill level 5 in Bows
  5646 | D:5      | Reached skill level 5 in Crossbows
  5646 | D:5      | Reached skill level 5 in Dodging
  5646 | D:5      | Reached skill level 5 in Stealth
  5646 | D:5      | Reached skill level 5 in Shields
  5646 | D:5      | Reached skill level 5 in Unarmed Combat
  5646 | D:5      | Reached skill level 5 in Evocations
  5883 | D:5      | Found an iron altar of Okawaru.
  5909 | D:5      | Became a worshipper of Warmaster Okawaru
  5940 | D:5      | Noticed Edmund
  5952 | D:5      | Killed Edmund
  6021 | D:5      | Noticed Sigmund
  6038 | D:5      | Killed Sigmund
  6335 | D:6      | Found a snail-covered altar of Cheibriados.
  6359 | D:6      | Reached * piety under Okawaru
  6484 | D:6      | Got a warped leather armour
  6495 | D:6      | Identified the cursed +1 leather armour of Cheibriados's
                  | Hatred {+Fly Stlth+} (You found it on level 6 of the
                  | Dungeon)
  6645 | D:6      | Found a radiant altar of Vehumet.
  6645 | D:6      | Found a hazy altar of Hepliaklqana.
  6645 | D:6      | Noticed Grinder
  6658 | D:6      | Killed Grinder
  6658 | D:6      | Reached XP level 9. HP: 48/69 MP: 17/17
  6792 | D:6      | Found a staircase to the Ecumenical Temple.
  6829 | D:6      | Learned a level 2 spell: Poisonous Vapours
  7391 | D:7      | Reached ** piety under Okawaru
  7458 | D:7      | Got a transparent chain mail
  7475 | D:7      | Identified the +7 chain mail of Hypow {rElec Dex+2} (You
                  | found it on level 7 of the Dungeon)
  7812 | D:7      | Noticed einarkeyser's ghost (novice HaAs)
  7815 | D:7      | Identified the +6 dire flail "Fustro Xedaurr" {vorpal,
                  | +Blink rElec rN+}
  7820 | D:7      | Found a transporter.
  8542 | D:8      | Noticed a two-headed ogre
  8566 | D:8      | Reached *** piety under Okawaru
  8567 | D:8      | Reached XP level 10. HP: 55/76 MP: 19/19
  8935 | D:8      | Killed a two-headed ogre
  9250 | D:8      | Found a blossoming altar of Fedhas.
  9391 | D:8      | Reached **** piety under Okawaru
  9685 | D:8      | Identified a scroll of acquirement
  9685 | D:8      | Identified the Grimoire of Sinister Attacks (You acquired
                  | it on level 8 of the Dungeon)
  9806 | D:9      | Noticed a two-headed ogre
  9826 | D:9      | Killed a two-headed ogre
  9826 | D:9      | Received a gift from Okawaru
  9826 | D:9      | Reached skill level 5 in Conjurations
  9826 | D:9      | Reached skill level 5 in Charms
  9826 | D:9      | Reached skill level 5 in Summonings
  9826 | D:9      | Reached skill level 5 in Necromancy
  9826 | D:9      | Reached skill level 5 in Translocations
  9826 | D:9      | Reached skill level 5 in Transmutations
  9826 | D:9      | Reached skill level 5 in Fire Magic
  9826 | D:9      | Reached skill level 5 in Ice Magic
  9826 | D:9      | Reached skill level 5 in Air Magic
  9826 | D:9      | Reached skill level 5 in Earth Magic
  9826 | D:9      | Reached skill level 5 in Poison Magic
  9928 | D:9      | Found a sparkling altar of Nemelex Xobeh.
 10186 | D:9      | Reached ***** piety under Okawaru
 10633 | D:9      | Reached XP level 11. HP: 79/81 MP: 21/21
 11196 | D:10     | Entered Level 10 of the Dungeon
 11505 | D:10     | Reached skill level 9 in Hexes
 11838 | D:10     | Found a staircase to the Lair.
 12077 | Lair:1   | Entered Level 1 of the Lair of Beasts
 12193 | Lair:1   | Received a gift from Okawaru
 14034 | Lair:2   | Received a gift from Okawaru
 14480 | Lair:2   | Noticed Nergalle
 14522 | Lair:2   | Killed Nergalle
 15096 | Lair:3   | Noticed a seven-headed hydra
 15120 | Lair:3   | Killed a seven-headed hydra
 15167 | Lair:3   | Reached XP level 12. HP: 31/89 MP: 14/23
 15358 | Lair:3   | Found a frozen archway.
 15378 | Lair:3   | HP: 4/92 [ice devil (6)]
 15398 | Lair:3   | HP: 2/92 [ice devil (4)]
 15399 | Lair:3   | Slain by an ice devil

Levels and vault maps discovered:
D:1:      dpeg_arrival_circle_labyrinth_c, layout_basic, serial_forest,
          infiniplex_forest_fountain, infiniplex_forest_clump_large,
          infiniplex_forest_corner_1, infiniplex_forest_zigzag_1,
          infiniplex_forest_lined_3_way
D:2:      layout_loops_cross, minmay_nonomino_d4
D:3:      layout_loops_ring, lemuel_crystal_altar, grunt_ministairs_13,
          minmay_misc_feat_roman, due_unseen_surprise
D:4:      minmay_general_purpose_star, layout_rooms, first_ration,
          trog_butcher_becter, uniq_menkaure
D:5:      layout_basic, kennysheep_okawaru_gauntlet, uniq_edmund, uniq_sigmund,
          uniq_duvessa
D:6:      layout_loops_corners, amethyst_overflow_temple_binary,
          old_standard_altar, minmay_temple_entry_water_ring, uniq_grinder
D:7:      layout_cave_pools, serial_rivers, chequers_serial_rivers_micro_c,
          chequers_serial_rivers_micro_d, chequers_serial_rivers_small_b,
          chequers_serial_rivers_small_b, chequers_serial_rivers_room_a,
          chequers_serial_rivers_large_b, gammafunk_ghost_smash, the_bakery,
          hangedman_abyss_or_decor_stagger, minmay_misc_feat_nine_boxes,
          kennysheep_generic_room_4
D:8:      layout_gridville, fedhas_altar_decomposition, mrwooster_statue_mirror
D:9:      layout_roguey, nemelex_xobeh_ov_fountains_minmay, kennysheep_potato
D:10:     layout_gridville, lair_entry_dummy
Lair:1:   layout_gridlike
Lair:2:   layout_cave_pods, uniq_nergalle
Lair:3:   layout_concentric_octagons, portal_ice_cave_demonic_guard,
          roderic_carrion_pond

Skill      XL: |  1  2  3  4  5  6  7  8  9 10 11 |
---------------+----------------------------------+-----
Invocations    | 1 5 6 7 |  7.8
Short Blades   | 1 4 5 6 7 |  7.1
Long Blades    | 1 4 5 6 7 |  7.1
Axes           | 1 4 5 6 7 |  7.1
Polearms       | 1 4 5 6 7 |  7.1
Staves         | 1 4 5 6 7 |  7.1
Slings         | 1 4 5 6 7 |  7.1
Bows           | 1 4 5 6 7 |  7.1
Crossbows      | 1 4 5 6 7 |  7.1
Dodging        | 1 4 5 6 7 |  7.1
Stealth        | 1 4 5 6 7 |  7.1
Shields        | 1 4 5 6 7 |  7.1
Unarmed Combat | 1 4 5 6 7 |  7.1
Evocations     | 1 4 5 6 7 |  7.1
Spellcasting   | 3 5 6 7 |  7.7
Conjurations   | 1 3 4 5 |  5.9
Charms         | 1 3 4 5 |  5.9
Summonings     | 1 3 4 5 |  5.9
Necromancy     | 1 3 4 5 |  5.9
Translocations | 1 3 4 5 |  5.9
Transmutations | 1 3 4 5 |  5.9
Fire Magic     | 1 3 4 5 |  5.9
Ice Magic      | 1 3 4 5 |  5.9
Air Magic      | 1 3 4 5 |  5.9
Earth Magic    | 1 3 4 5 |  5.9
Poison Magic   | 1 3 4 5 |  5.9
Fighting       | 3 5 6 7 |  7.7
Maces & Flails | 3 5 6 7 |  7.7
Armour         | 3 5 6 7 |  7.7
Throwing       | 6 7 8 |  8.6
Hexes          | 8 9 |  9.3

Action                   |  1- 3 |  4- 6 |  7- 9 | 10-12 || total
-------------------------+-------+-------+-------+-------++-------
Melee: Dagger            |   168 |   149 |       |       ||   317
       Bite              |    27 |    37 |    46 |   125 ||   235
       Punch             |       |     3 |     1 |       ||     4
       Mace              |       |   101 |    10 |       ||   111
       Flail             |       |       |   333 |   707 ||  1040
 Cast: Corona            |     6 |       |       |       ||     6
       Ensorcelled Hiber |    19 |       |       |       ||    19
       Confusing Touch   |     7 |    17 |    22 |    21 ||    67
       Tukima's Dance    |       |     3 |     2 |     7 ||    12
       Poisonous Vapours |       |       |     5 |     6 ||    11
Invok: Heroism           |       |       |     1 |     6 ||     7
       Finesse           |       |       |       |     1 ||     1
  Use: Scroll            |     3 |     4 |     4 |    11 ||    22
       Potion            |       |     5 |     1 |     2 ||     8
 Stab: Sleeping          |    10 |     4 |     6 |       ||    20
       Confused          |     7 |    12 |    16 |    35 ||    70
  Eat: Chunk             |     7 |     9 |    15 |    21 ||    52
       Ration            |       |       |       |     1 ||     1
Armor: Robe              |    82 |       |       |       ||    82
       Leather armour    |     1 |    81 |    15 |       ||    97
       Scale mail        |       |       |    39 |       ||    39
       Chain mail        |       |       |    59 |   310 ||   369
Dodge: Dodged            |   114 |   145 |   164 |   314 ||   737
Block: Buckler           |       |       |    79 |   213 ||   292

Table legend:
 A = Non-vault XP
 B = Vault XP
 C = Vault XP percentage of total XP
 D = Non-vault monster count
 E = Vault monster count
 F = Vault count percentage of total count
                 A         B        C        D         E       F
            +---------+---------+-------+---------+---------+-------
      Total |   16342 |    3558 |  17.9 |     235 |      32 |  12.0
            +---------+---------+-------+---------+---------+-------
        D:1 |      54 |       0 |   0.0 |      27 |       0 |   0.0
        D:2 |      95 |      24 |  20.2 |      22 |       6 |  21.4
        D:3 |      82 |       3 |   3.5 |      21 |       2 |   8.7
        D:4 |      84 |     184 |  68.7 |      10 |       6 |  37.5
        D:5 |     332 |     552 |  62.4 |      13 |       4 |  23.5
        D:6 |     762 |     281 |  26.9 |      15 |       1 |   6.2
        D:7 |    1253 |     211 |  14.4 |      26 |       1 |   3.7
        D:8 |    1594 |     634 |  28.5 |      19 |       7 |  26.9
        D:9 |    3109 |     542 |  14.8 |      29 |       3 |   9.4
       D:10 |     796 |       0 |   0.0 |      14 |       0 |   0.0
     Lair:1 |    2867 |       0 |   0.0 |      17 |       0 |   0.0
     Lair:2 |    1786 |     796 |  30.8 |       7 |       1 |  12.5
     Lair:3 |    3528 |     331 |   8.6 |      15 |       1 |   6.2
            +---------+---------+-------+---------+---------+-------
